AoeStats
← Brummkäfer

Four Lakes

509172851Analyzed
1v1 RM · 8d ago on Sep 25, 2026· 65m 5s· 2 players
Game mode
Random Map
Map size
Tiny (2 player)
Population
200
Speed
Normal
Resources
Standard
Victory
Conquest
Starting age
Dark Age
Ending age
Imperial Age
RankedLock teamsTeams togetherTeam positionsShared explorationLock speedFull tech treeHidden civsTurbo modeCheats
Victory
Defeat
🇩🇪 Bulgarians · Germany
679
+17
🇦🇷 Vikings · Argentina
692
-17
Brummkäfer
3:30 Loom
12:47 Feudal Age
16:01 Wheelbarrow
18:34 Castle Age
18:01 Forging
18:03 Stone Mining
18:04 Double-Bit Axe
20:07 Stone Shaft Mining
20:11 Gambesons
20:27 Squires
21:17 Gold Mining
23:46 Gold Shaft Mining
26:22 Hand Cart
25:52 Town Watch
27:31 Bow Saw
27:04 Horse Collar
28:13 Pikeman
28:56 Elite Skirmisher
31:25 Scale Barding Armor
33:23 Heavy Plow
35:13 Thumb Ring
38:14 Imperial Age
38:33 Murder Holes
38:48 Stirrups
39:56 Crop Rotation
39:09 Halberdier
44:39 Ballistics
45:19 Chemistry
44:26 Siege Engineers
46:05 Elite Konnik
48:36 Conscription
48:14 Stirrups
48:58 Fletching
49:44 Iron Casting
49:29 Chain Barding Armor
49:10 Padded Archer Armor
51:20 Masonry
53:08 Bodkin Arrow
53:29 Leather Archer Armor
54:15 Blast Furnace
53:51 Plate Barding Armor
56:13 Architecture
63:32 Bracer
Jarl Goni
2:25 Loom
6:06 Loom
11:50 Feudal Age
15:15 Town Watch
16:12 Double-Bit Axe
16:32 Fishing Lines
21:06 Castle Age
20:16 Horse Collar
21:48 Gillnets
21:52 Fletching
23:35 Light Cavalry
24:20 Bodkin Arrow
24:27 Padded Archer Armor
24:37 Forging
24:33 Scale Barding Armor
23:52 Crossbowman
25:00 Squires
27:52 Gold Mining
28:55 Chain Barding Armor
30:50 Fervor
31:17 Scale Mail Armor
35:06 Imperial Age
35:26 Iron Casting
36:09 Conscription
36:17 Murder Holes
37:00 Ballistics
37:17 Town Patrol
38:33 Gold Shaft Mining
43:25 Arbalester
46:59 Bogsveigar
49:23 Bracer
Connection lost

Rejoining the realm…

Still unreachable

The connection could not be restored.

Session expired

The server has moved on; the page needs a fresh start.